NWL (28 & UNDER)
BISMARCK BARONS @ SAN DIEGO SMASHERS
09/12/2023
 
TOP OF THE 1ST
Bismarck Barons batting - Pitching for San Diego Smashers : LHP Xavier Velázquez
Pitching: LHP Xavier Velázquez
Batting: RHB Gil Watcham 0-0: Called Strike
0-1: Called Strike
0-2: Strikes out swinging
Batting: LHB Dave Gray 0-0: Ball
1-0: Called Strike
1-1: Ball
2-1: Foul Ball, location: 2F
2-2: Strikes out swinging
Batting: RHB Jack Bailey 0-0: Foul Ball, location: 2F
0-1: Swinging Strike
0-2: Hit by Pitch
Batting: RHB Jorge Espinosa 0-0: Foul Ball, location: 2F
0-1: Ball
1-1: Swinging Strike
1-2: Ball
2-2: Ball
3-2: Strikes out looking
Top of the 1st over - 0 run(s), 0 hit(s), 0 error(s), 1 left on base; Bismarck 0 - San Diego 0
BOTTOM OF THE 1ST
San Diego Smashers batting - Pitching for Bismarck Barons : LHP Francisco Morales
Pitching: LHP Francisco Morales
Batting: LHB Mario Olivares 0-0: Reached on error, E3 (Groundball, 3S)
Batting: RHB Cisco Gatán 0-0: Ball
1-0: Ball
2-0: Called Strike
2-1: Swinging Strike
2-2: Foul Ball, location: 2F
2-2: Ball
Mario Olivares steals 2nd base
3-2: Strikes out swinging
Batting: RHB Alonso Sánchez 0-0: Ball
1-0: Called Strike
1-1: Ball
2-1: Called Strike
2-2: Foul Ball, location: 2F
2-2: Strikes out looking
Batting: RHB Francisco Castillo 0-0: Ball
1-0: Ball
2-0: 2-RUN HOME RUN (Flyball, 7D), Distance : 350 ft
Batting: RHB Justin Burgess 0-0: Foul Ball, location: 2F
0-1: Swinging Strike
0-2: Strikes out looking
Bottom of the 1st over - 2 run(s), 1 hit(s), 1 error(s), 0 left on base; Bismarck 0 - San Diego 2
TOP OF THE 2ND
Bismarck Barons batting - Pitching for San Diego Smashers : LHP Xavier Velázquez
Batting: SHB Víctor Serrano 0-0: Ball
1-0: Ground out 5-3 (Groundball, 5S)
Batting: RHB Kiyomitsu Shinoda 0-0: Ball
1-0: Swinging Strike
1-1: Ground out 4-3 (Groundball, 4M)
Batting: RHB Lúcio Flores 0-0: Called Strike
0-1: Ball
1-1: Foul Ball, location: 2F
1-2: Strikes out swinging
Top of the 2nd over - 0 run(s), 0 hit(s), 0 error(s), 0 left on base; Bismarck 0 - San Diego 2
BOTTOM OF THE 2ND
San Diego Smashers batting - Pitching for Bismarck Barons : LHP Francisco Morales
Batting: RHB Barry Johnson 0-0: Foul Ball, location: 2F
0-1: Called Strike
0-2: Ball
1-2: Ball
2-2: Fly out, F6 (Line Drive, 6)
Batting: LHB Alfredo Fernández 0-0: Called Strike
0-1: Foul Ball, location: 2F
0-2: Ball
1-2: Foul Ball, location: 2F
1-2: Foul Ball, location: 2F
1-2: Ball
2-2: Foul Ball, location: 2F
2-2: Foul Ball, location: 2F
2-2: Ball
3-2: Ground out 4-3 (Groundball, 34)
Batting: LHB Noriaki Sangi 0-0: Ball
1-0: Ball
2-0: Called Strike
2-1: Ball
3-1: Called Strike
3-2: Strikes out swinging
Bottom of the 2nd over - 0 run(s), 0 hit(s), 0 error(s), 0 left on base; Bismarck 0 - San Diego 2
TOP OF THE 3RD
Bismarck Barons batting - Pitching for San Diego Smashers : LHP Xavier Velázquez
Batting: RHB Miguel Hernández 0-0: Foul Ball, location: 2F
0-1: Ball
1-1: Ball
2-1: Foul Ball, location: 2F
2-2: TRIPLE (Flyball, 89XD)
Batting: LHB Paco Sandoval 0-0: Called Strike
0-1: Called Strike
0-2: Strikes out swinging
Batting: RHB Gil Watcham 0-0: Foul Ball, location: 2F
0-1: Swinging Strike
0-2: Ball
1-2: Strikes out looking
Batting: LHB Dave Gray 0-0: Ball
1-0: Ground out U3 (Groundball, 3L)
Top of the 3rd over - 0 run(s), 1 hit(s), 0 error(s), 1 left on base; Bismarck 0 - San Diego 2
BOTTOM OF THE 3RD
San Diego Smashers batting - Pitching for Bismarck Barons : LHP Francisco Morales
Batting: RHB Armando Cruz 0-0: Ball
1-0: Swinging Strike
1-1: Swinging Strike
1-2: Ball
2-2: Ball
3-2: SINGLE (Line Drive, 56)
Batting: LHB Mario Olivares 0-0: Ball
1-0: Called Strike
1-1: Ball
2-1: Called Strike
2-2: Foul Ball, location: 2F
2-2: Fielders Choice at 2nd, 4-6 (Groundball, 4)
Batting: RHB Cisco Gatán 0-0: Called Strike
Mario Olivares is caught stealing 2nd base
0-1: Ball
1-1: Ball
2-1: Fly out, F8 (Flyball, 8RM)
Bottom of the 3rd over - 0 run(s), 1 hit(s), 0 error(s), 0 left on base; Bismarck 0 - San Diego 2
TOP OF THE 4TH
Bismarck Barons batting - Pitching for San Diego Smashers : LHP Xavier Velázquez
Batting: RHB Jack Bailey 0-0: Fly out, F7 (Flyball, 7D)
Batting: RHB Jorge Espinosa 0-0: Called Strike
0-1: Called Strike
0-2: Fly out, F4 (Popup, 34D)
Batting: SHB Víctor Serrano 0-0: Ball
1-0: Fly out, F9 (Flyball, 9M)
Top of the 4th over - 0 run(s), 0 hit(s), 0 error(s), 0 left on base; Bismarck 0 - San Diego 2
BOTTOM OF THE 4TH
San Diego Smashers batting - Pitching for Bismarck Barons : LHP Francisco Morales
Batting: RHB Alonso Sánchez 0-0: Ball
1-0: Ball
2-0: Ball
3-0: Base on Balls
Batting: RHB Francisco Castillo 0-0: Called Strike
0-1: Ball
1-1: Ball
2-1: Ground out 2-3 (Groundball, 23)
Alonso Sánchez to second
Batting: RHB Justin Burgess 0-0: Ball
1-0: Ground out 4-3 (Groundball, 4)
Alonso Sánchez to third
Batting: RHB Barry Johnson 0-0: Called Strike
0-1: Ball
1-1: Swinging Strike
1-2: Ball
2-2: Foul Ball, location: 2F
2-2: Strikes out swinging
Bottom of the 4th over - 0 run(s), 0 hit(s), 0 error(s), 1 left on base; Bismarck 0 - San Diego 2
TOP OF THE 5TH
Bismarck Barons batting - Pitching for San Diego Smashers : LHP Xavier Velázquez
Batting: RHB Kiyomitsu Shinoda 0-0: Foul Ball, location: 2F
0-1: Ball
1-1: Ball
2-1: Called Strike
2-2: Ball
3-2: Foul Ball, location: 2F
3-2: Foul Ball, location: 2F
3-2: Ground out 4-3 (Groundball, 4)
Batting: RHB Lúcio Flores 0-0: Called Strike
0-1: Foul Ball, location: 2F
0-2: Ground out 6-3 (Groundball, 6)
Batting: RHB Miguel Hernández 0-0: Ball
1-0: Foul Ball, location: 2F
1-1: DOUBLE (Line Drive, 7LM)
Batting: LHB Paco Sandoval 0-0: Called Strike
0-1: Fly out, F8 (Flyball, 8LM)
Top of the 5th over - 0 run(s), 1 hit(s), 0 error(s), 1 left on base; Bismarck 0 - San Diego 2
BOTTOM OF THE 5TH
San Diego Smashers batting - Pitching for Bismarck Barons : LHP Francisco Morales
Batting: LHB Alfredo Fernández 0-0: Foul Ball, location: 2F
0-1: Swinging Strike
0-2: Ball
1-2: Ground out U3 (Groundball, 3)
Batting: LHB Noriaki Sangi 0-0: Called Strike
0-1: Hit by Pitch
Batting: RHB Armando Cruz 0-0: Called Strike
0-1: Swinging Strike
0-2: Ball
1-2: Fly out, F8 (Flyball, 8RM)
Batting: LHB Mario Olivares 0-0: Fly out, F5 (Popup, 5F)
Bottom of the 5th over - 0 run(s), 0 hit(s), 0 error(s), 1 left on base; Bismarck 0 - San Diego 2
TOP OF THE 6TH
Bismarck Barons batting - Pitching for San Diego Smashers : LHP Xavier Velázquez
Batting: RHB Gil Watcham 0-0: Ball
1-0: Ball
2-0: Called Strike
2-1: Fly out, F8 (Flyball, 8RM)
Batting: LHB Dave Gray 0-0: Swinging Strike
0-1: Ball
1-1: Foul Ball, location: 2F
1-2: Ground out 3-1 (Groundball, 3L)
Batting: RHB Jack Bailey 0-0: Ball
1-0: Ground out 6-3 (Groundball, 6)
Top of the 6th over - 0 run(s), 0 hit(s), 0 error(s), 0 left on base; Bismarck 0 - San Diego 2
BOTTOM OF THE 6TH
San Diego Smashers batting - Pitching for Bismarck Barons : LHP Francisco Morales
Batting: RHB Cisco Gatán 0-0: Ball
1-0: Ground out 6-3 (Groundball, 6)
Batting: RHB Alonso Sánchez 0-0: Swinging Strike
0-1: Foul Ball, location: 2F
0-2: Foul Ball, location: 2F
0-2: Ground out 6-3 (Groundball, 6)
Batting: RHB Francisco Castillo 0-0: Called Strike
0-1: Swinging Strike
0-2: Ball
1-2: Strikes out swinging
Bottom of the 6th over - 0 run(s), 0 hit(s), 0 error(s), 0 left on base; Bismarck 0 - San Diego 2
TOP OF THE 7TH
Bismarck Barons batting - Pitching for San Diego Smashers : LHP Xavier Velázquez
Batting: RHB Jorge Espinosa 0-0: Ball
1-0: Called Strike
1-1: Fly out, F9 (Flyball, 9S)
Batting: SHB Víctor Serrano 0-0: Called Strike
0-1: Swinging Strike
0-2: Foul Ball, location: 2F
0-2: Ball
1-2: Foul Ball, location: 2F
1-2: Ball
2-2: Ball
3-2: Base on Balls
Batting: RHB Kiyomitsu Shinoda 0-0: Ball
1-0: Called Strike
1-1: Swinging Strike
1-2: Strikes out looking
Batting: RHB Lúcio Flores 0-0: Swinging Strike
0-1: Ball
1-1: Fly out, F7 (Flyball, 7M)
Top of the 7th over - 0 run(s), 0 hit(s), 0 error(s), 1 left on base; Bismarck 0 - San Diego 2
BOTTOM OF THE 7TH
San Diego Smashers batting - Pitching for Bismarck Barons : LHP Francisco Morales
Batting: RHB Justin Burgess 0-0: Ball
1-0: Called Strike
1-1: Swinging Strike
1-2: Strikes out swinging
Pitching: RHP Dalton Ray
Batting: RHB Barry Johnson 0-0: Foul Ball, location: 2F
0-1: Ball
1-1: Ball
2-1: Ground out 1-3 (Groundball, 13S)
Batting: LHB Alfredo Fernández 0-0: Ball
1-0: Ground out 4-3 (Groundball, 4)
Bottom of the 7th over - 0 run(s), 0 hit(s), 0 error(s), 0 left on base; Bismarck 0 - San Diego 2
TOP OF THE 8TH
Bismarck Barons batting - Pitching for San Diego Smashers : LHP Xavier Velázquez
Batting: RHB Miguel Hernández 0-0: Foul Ball, location: 2F
0-1: Ball
1-1: SINGLE (Line Drive, 6M)
Batting: LHB Paco Sandoval 0-0: Ball
1-0: Fielders Choice at 2nd, 6-4 (Groundball, 6M)
Pitching: RHP Enrique Sánchez
Batting: RHB Gil Watcham 0-0: Ball
1-0: Grounds into double play, 5-4-3 (Groundball, 56)
Top of the 8th over - 0 run(s), 1 hit(s), 0 error(s), 0 left on base; Bismarck 0 - San Diego 2
BOTTOM OF THE 8TH
San Diego Smashers batting - Pitching for Bismarck Barons : RHP Dalton Ray
Batting: LHB Noriaki Sangi 0-0: Called Strike
0-1: Foul Ball, location: 2F
0-2: Foul Ball, location: 2F
0-2: Hit by Pitch
Batting: RHB Armando Cruz 0-0: Ball
1-0: Ball
2-0: Sac Bunt - play at first, batter OUT! 1-4
Noriaki Sangi to second
Batting: LHB Mario Olivares 0-0: Called Strike
0-1: Ball
1-1: Foul Ball, location: 2F
1-2: Strikes out looking
Batting: RHB Cisco Gatán 0-0: Called Strike
0-1: Ball
1-1: Swinging Strike
1-2: Strikes out swinging
Bottom of the 8th over - 0 run(s), 0 hit(s), 0 error(s), 1 left on base; Bismarck 0 - San Diego 2
TOP OF THE 9TH
Bismarck Barons batting - Pitching for San Diego Smashers : RHP Enrique Sánchez
Pitching: RHP Mark Ross
Batting: LHB Dave Gray 0-0: Called Strike
0-1: Fly out, F7 (Flyball, 7D)
Batting: RHB Jack Bailey 0-0: Called Strike
0-1: Swinging Strike
0-2: Ball
1-2: Foul Ball, location: 2F
1-2: Strikes out swinging
Batting: RHB Jorge Espinosa 0-0: Ball
1-0: Called Strike
1-1: Ball
2-1: SINGLE (Flyball, 9LM)
Batting: SHB Víctor Serrano 0-0: Fly out, F8 (Line Drive, 8LM)
Top of the 9th over - 0 run(s), 1 hit(s), 0 error(s), 1 left on base; Bismarck 0 - San Diego 2
This league is powered by Out of the Park Baseball, the baseball management simulation game for PC, Mac and Linux
Wednesday, December 2nd, 2015 - OOTP Baseball 16.8 Build 38